 Dungeon Crawl Stone Soup version 0.24-a0-246-gb963c9a (webtiles) character file.

Game seed: 161316620615805768

85 Ijustatesigmund the Chopper (level 4, 0/33 HPs)
             Began as an Octopode Fighter on Apr 12, 2019.
             Slain by a goblin
             ... wielding a +0 dagger
             ... led by Robin
              (1 damage)
             ... on level 3 of the Dungeon.
             The game lasted 00:03:43 (1725 turns).

Ijustatesigmund the Chopper (Octopode Fighter)      Turns: 1725, Time: 00:03:43

Health: 0/33       AC:  1    Str: 15    XL:     4   Next: 48%
Magic:  4/4        EV: 11    Int: 10    God:
Gold:   66         SH:  8    Dex: 12    Spells: 3/3 levels left

rFire    . . .     SeeInvis .   a - +0 war axe
rCold    + . .     Gourm    .   b - +0 shield
rNeg     . . .     Faith    .   (helmet restricted)
rPois    .         Spirit   .   (no amulet)
rElec    .         Reflect  .   i - ring of protection from cold
rCorr    .         Harm     .   (no ring)
MR       .....                  (no ring)
Stlth    ++........             (no ring)
HPRegen  0.11/turn              (no ring)
MPRegen  0.09/turn              (no ring)
                                (no ring)
                                (no ring)

@: no status effects
A: almost no armour, stealthy swim, amphibious, 8 rings, constrict 8, camouflage
1, gelatinous body 1
a: no special abilities


You were on level 3 of the Dungeon.
You were not hungry.

You visited 1 branch of the dungeon, and saw 3 of its levels.

You collected 66 gold pieces.

Inventory:

Hand Weapons
 a - a +0 war axe (weapon)
Armour
 b - a +0 shield (worn)
Jewellery
 i - a ring of protection from cold (left tentacle)
Scrolls
 e - a scroll of remove curse
Potions
 c - a potion of might
 g - a potion of flight
 h - a potion of curing {unknown}
Comestibles
 d - a ration


   Skills:
 + Level 3.7 Fighting
 * Level 3.9 Axes
 - Level 3.0 Dodging
 - Level 3.0 Shields


You had 3 spell levels left.
You didn't know any spells.
Your spell library was empty.

Dungeon Overview and Level Annotations

Branches:
Dungeon (3/15)

Altars:

Annotations:
D:3 Robin


Innate Abilities, Weirdness & Mutations

You cannot wear most types of armour.
You are very stealthy in the water. (Stealth+)
You are amphibious.
You can wear up to eight rings at the same time.
You can use your tentacles to constrict eight enemies at once.
Your skin changes colour to match your surroundings (Stealth+).
Your rubbery body absorbs attacks. (AC +1, EV +1)


Message History

You slash the goblin!
You kill the goblin!
You hit the hobgoblin but do no damage. You hit the goblin.
Your shield prevents you from hitting the goblin.
You hit the hobgoblin but do no damage.
The goblin hits you with a cursed -3 club.
The hobgoblin hits you with a +0 club.
* * * LOW HITPOINT WARNING * * *
The goblin misses you. You block the hobgoblin's attack.
You hit Robin but do no damage. You grab Robin. You slash the hobgoblin!
You kill the hobgoblin!
You closely miss the goblin. You hit the goblin.
You kill the goblin!
Your shield prevents you from hitting the hobgoblin.
You constrict Robin. The hobgoblin hits you with a +0 club.
* * * LOW HITPOINT WARNING * * *
The goblin barely misses you. Robin hits you with a +0 whip.
* * * LOW HITPOINT WARNING * * *
The goblin hits you with a +0 dagger.
You die...

#..........# ......#
#..........# ......+
#..........# ......#
#..........#
.....#####.......>..## ....
.>+..$).......+
#.###†#...........#
#######...#g#†.....<....#
#........÷.)@g.............
#.#####...<##g.............
#.##.##..............
.......+......!.......
#.##.##.#.............. #.
.. +###########.... # #...
.... ...


You could see Robin, a hobgoblin and a goblin.

Vanquished Creatures
  2 adders
  A dart slug (D:1)
  A leopard gecko (D:1)
  A ball python (D:1)
  2 giant cockroaches
  13 goblins
  5 hobgoblins
  10 jackals
  8 kobolds
  4 bats
  4 frilled lizards
  8 rats
59 creatures vanquished.

Notes
Turn   | Place    | Note
-------+----------+-------------------------------------------
     0 | D:1      | Ijustatesigmund the Octopode Fighter began the quest for
                  | the Orb.
     0 | D:1      | Reached XP level 1. HP: 16/16 MP: 1/1
   287 | D:1      | Reached XP level 2. HP: 17/21 MP: 2/2
   529 | D:1      | Reached XP level 3. HP: 12/26 MP: 3/3
  1443 | D:2      | Reached XP level 4. HP: 27/32 MP: 4/4
  1697 | D:3      | Noticed Robin
  1725 | D:3      | HP: 1/33 [Robin/+0 whip (1)]
  1725 | D:3      | Slain by a goblin

Levels and vault maps discovered:
D:1:      dpeg_arrival_three_same_balls, layout_loops_ring
D:2:      layout_basic
D:3:      layout_basic, nicolae_overflow_crystal_walls, first_ration,
          minmay_joined_circles, uniq_natasha, uniq_robin

Skill      XL: |  1  2 |
---------------+-------+-----
Axes           | 3 |  3.9
Fighting       | |  3.7
Dodging        | |  3.0
Shields        | |  3.0

Action                   |  1- 3 |  4- 6 || total
-------------------------+-------+-------++-------
Melee: War axe           |    62 |    25 ||    87
       Constrict         |    20 |     5 ||    25
       Tentacles         |    15 |     2 ||    17
  Use: Scroll            |     3 |       ||     3
       Potion            |       |     1 ||     1
 Stab: Sleeping          |     6 |     2 ||     8
  Eat: Chunk             |       |     3 ||     3
Armor: Skin              |     6 |     5 ||    11
Dodge: Dodged            |    30 |    28 ||    58
Block: Shield            |    17 |    22 ||    39

Table legend:
 A = Non-vault XP
 B = Vault XP
 C = Vault XP percentage of total XP
 D = Non-vault monster count
 E = Vault monster count
 F = Vault count percentage of total count
                 A         B        C        D         E       F
            +---------+---------+-------+---------+---------+-------
      Total |     103 |      19 |  15.6 |      49 |      10 |  16.9
            +---------+---------+-------+---------+---------+-------
        D:1 |      47 |       0 |   0.0 |      27 |       0 |   0.0
        D:2 |      42 |       0 |   0.0 |      20 |       0 |   0.0
        D:3 |      14 |      19 |  57.6 |       2 |      10 |  83.3
            +---------+---------+-------+---------+---------+-------
